 Dungeon Crawl Stone Soup version 0.31-a0-986-g5e6e4ef867 (webtiles) character file.

Game seed: 8613053217729297496

4900 Hubris850 the Geomancer (level 10, -2/50 HPs)
             Began as a Gargoyle Earth Elementalist on Nov 3, 2023.
             Was a Follower of Vehumet.
             Slain by a shadow (23 damage)
             ... on level 9 of the Dungeon.
             The game lasted 00:33:09 (8911 turns).

Hubris850 the Geomancer (GrEE)                      Turns: 8911, Time: 00:33:10

Health: -2/50      AC: 17    Str: 13    XL:     10   Next: 51%
Magic:  21/21      EV: 17    Int: 19    God:    Vehumet [*.....]
Gold:   689        SH:  0    Dex: 10    Spells: 14/24 levels left

rFire   . . .        a - +4 whip (venom)
rCold   . . .        (no shield)
rNeg    + . .        P - +0 steam dragon scales
rPois   ∞            p - +2 helmet
rElec   +            (no cloak)
rCorr   .            (no gloves)
SInv    .            H - +0 pair of boots
Will    +....        V - amulet of faith
Stlth   ++           c - ring of willpower
HPRegen 0.28/turn    N - +5 ring of evasion
MPRegen 0.17/turn

%: faith
@: no status effects
A: sickness immunity, AC +7, negative energy resistance 1, electricity
resistance, torment resistance 1, petrification resistance
a: Renounce Religion


You were on level 9 of the Dungeon.
You worshipped Vehumet.
Vehumet was aware of your devotion.
You visited 2 branches of the dungeon, and saw 10 of its levels.
You also visited: Sewer and Ossuary.

You collected 689 gold pieces.

Inventory:

Hand Weapons
 a - a +4 whip of venom (weapon)
 b - a +1 falchion of holy wrath
 R - a +3 whip
Missiles
 x - 2 javelins
 G - 15 poisoned darts
 K - a throwing net
 M - 5 curare-tipped darts
Armour
 p - a +2 helmet (worn)
 t - a +2 chain mail of fire resistance
 H - a +0 pair of boots (worn)
 P - +0 steam dragon scales (worn)
Magical Staves
 w - a staff of poison
Jewellery
 c - a ring of willpower (left hand)
 g - an amulet of regeneration
 k - a ring of ice
 N - a +5 ring of evasion (right hand)
 V - an amulet of faith (around neck)
Wands
 q - a wand of paralysis (5)
 u - a wand of quicksilver (4)
 S - a wand of polymorph (6)
 W - a wand of digging (2)
 X - a wand of roots (9)
Scrolls
 e - 3 scrolls of immolation
 f - a scroll of silence {unknown}
 j - a scroll of noise {unknown}
 n - 10 scrolls of teleportation
 y - a scroll of enchant armour
 C - a scroll of torment
 E - a scroll of fog
 O - a scroll of fear {unknown}
 Q - a scroll of amnesia {unknown}
 T - a scroll of enchant weapon {unknown}
Potions
 d - 4 potions of enlightenment
 h - 4 potions of heal wounds
 r - 8 potions of curing
 s - a potion of magic
 v - a potion of attraction
 z - 2 potions of resistance {unknown}
 A - a potion of lignification {unknown}
 B - 2 potions of haste
 D - 3 potions of might {unknown}
 F - 2 potions of berserk rage {unknown}
 I - 2 potions of mutation {unknown}
 J - a potion of degeneration {unknown}
 U - a potion of brilliance {unknown}
 Z - a potion of invisibility {unknown}


   Skills:
 - Level 3.0 Armour
 - Level 3.5 Dodging
 - Level 3.0 Stealth
 + Level 7.8 Spellcasting
 + Level 8.7 Conjurations
 - Level 3.0 Transmutations
 - Level 10.0 Earth Magic


You had 14 spell levels left.
You knew the following spells:

 Your Spells              Type           Power      Damage    Failure   Level
a - Sandblast             Erth           90%        2d19      1%          1
b - Passwall              Tmut/Erth      26%        N/A       1%          2
c - Stone Arrow           Conj/Erth      84%        3d12      1%          3
d - Brom's Barrelling Bo  Conj/Erth      42%        2d6       1%          4

Your spell library contained the following spells:

 Spells                   Type           Power      Damage    Failure   Level
 Magic Dart               Conj           100%       1d8       1%          1
 Wereblood                Tmut           18%        N/A       4%          2
 Petrify                  Tmut/Erth      32%        N/A       6%          4
 Summon Small Mammal      Summ           28%        N/A       10%         1
 Call Canine Familiar     Summ           7%         N/A       28%         3
 Summon Guardian Golem    Hex/Summ       7%         N/A       28%         3
 Summon Hydra             Summ           3%         N/A       100%        7
 Sublimation of Blood     Necr           Unusable   N/A       N/A         2

Dungeon Overview and Level Annotations

Branches:
Dungeon (9/15)             Temple (1/1) D:7           Sewer (visited)
Ossuary (visited)
   Lair: D:8-11         Orc: D:9-12

Altars:
Ashenzari
Cheibriados
Dithmenos
Elyvilon
Fedhas
Gozag
Hepliaklqana
Kikubaaqudgha
Makhleb
Nemelex Xobeh
Okawaru
Qazlal
Ru
Sif Muna
Trog
Uskayaw
Vehumet
Wu Jian
Xom
Zin
The Shining One

Shops:
D:3 (   D:7 =


Innate Abilities, Weirdness & Mutations

You are immune to sickness and miasma.
Your stone body is resilient. (AC +7)
You are immune to poison.
You resist negative energy. (rN+)
You are resistant to electric shocks. (rElec)
You are resistant to unholy torment.
You are immune to petrification.


Message History

The yak barely misses you.
You hit the yak but do no damage.
The yak looks as sick as possible!
The yak is heavily wounded.
The yak barely misses you.
You hit the yak.
The yak looks as sick as possible!
The yak is severely wounded.
You kill the yak!
Vehumet accepts your kill. The yak gores you!
A shadow comes into view.
You barely miss the yak.
The yak is severely wounded.
The yak gores you. The yak closely misses you.
The shadow slips into darkness.
The shadow flickers and vanishes!
Deactivating autopickup; reactivate with Ctrl-A.
You closely miss the yak.
The yak is severely wounded.
The yak gores you but does no damage.
You hit the yak.
The yak looks as sick as possible!
The yak is severely wounded.
The yak completely misses you.
You hit the yak.
The yak is severely wounded.
The yak barely misses you.
You closely miss the yak.
The yak is almost dead.
The yak misses you.
You hit the yak but do no damage.
The yak looks as sick as possible!
The yak is almost dead.
The yak gores you but does no damage.
You hit the yak but do no damage.
The yak looks as sick as possible!
The yak is almost dead.
The yak completely misses you.
You hit the yak.
The yak looks as sick as possible!
The yak is almost dead.
You kill the yak!
Vehumet accepts your kill.
The shadow strikes at you from the darkness!
You die...

#.......# #........... #.......#
#.....##.### #.......#
##....#..... #.......#
###########....###
##.......#######......# ###..# #
.......#.#............# #..# #
########......##......# #..###
########......##......# #....'
##............##@###########..###
##.######.....##{# ........###
##.....<......##YY......Y......).
....######'#####Y†.#...Y.####.###
###(.......# #..... .Y #.<>.
.########### #..##.# ####.### ..#
#..# .# #......# ..# ...# #
#.##.#.# ..# .... #.##.#.#


You could see 3 yaks.

Vanquished Creatures
  Grinder (D:6)
  A hornet (D:8)
  A shadow (D:9)
  A wyvern (D:9)
  A steam dragon (D:7)
  3 yaks (D:9)
  2 water moccasins
  3 sky beasts
  3 orc warriors
  A black bear (D:7)
  An ogre (D:6)
  2 centaurs (D:9)
  2 phantoms
  2 elf zombies (D:4)
  A kobold brigand (D:8)
  2 elf skeletons (D:4)
  3 bullfrogs
  A scorpion (D:5)
  3 wights (D:6)
  14 killer bees
  3 hounds
  A jelly (D:7)
  3 orc priests
  Terence (D:3)
  Ijyb (D:3)
  A gnoll bouda (D:6)
  3 iguanas
  12 orc wizards
  Natasha (thrice) (D:3)
  A human skeleton (D:4)
  3 sleepcaps
  8 mummies (Ossuary)
  Robin (D:2)
  5 gnolls (D:6)
  6 adders
  A shadow imp (D:7)
  A white imp (D:6)
  A worm (D:5)
  A dart slug (D:2)
  31 orcs
  5 ball pythons
  13 bats
  5 endoplasms
  6 giant cockroaches
  A gnoll zombie (Ossuary)
  17 goblins
  3 hobgoblins
  3 frilled lizards
  5 hobgoblin zombies (Ossuary)
  3 kobolds
  An orc skeleton (D:4)
  2 orc zombies (Ossuary)
  8 rats
207 creatures vanquished.

Vanquished Creatures (collateral kills)
  2 boulders
2 creatures vanquished.

Vanquished Creatures (others)
  A killer bee (D:7)
  2 boulders
3 creatures vanquished.

Grand Total: 212 creatures vanquished

Notes
Turn   | Place    | Note
-------+----------+-------------------------------------------
     0 | D:1      | Hubris850 the Gargoyle Earth Elementalist began the quest
                  | for the Orb.
     0 | D:1      | Reached XP level 1. HP: 10/10 MP: 3/3
   333 | D:1      | Reached skill level 1 in Transmutations
   333 | D:1      | Reached XP level 2. HP: 15/15 MP: 1/5
   985 | D:2      | Reached XP level 3. HP: 19/19 MP: 1/6
  1322 | D:2      | Reached skill level 4 in Earth Magic
  1453 | D:2      | Learned a level 2 spell: Passwall
  1457 | D:2      | Learned a level 3 spell: Stone Arrow
  1475 | D:2      | Noticed Robin
  1496 | D:2      | Killed Robin
  1497 | D:2      | Reached XP level 4. HP: 24/24 MP: 1/7
  1505 | D:2      | Reached skill level 1 in Armour
  1732 | D:3      | Noticed Ijyb
  1734 | D:3      | Paralysed by Ijyb for 2 turns
  1744 | D:3      | Paralysed by Ijyb for 2 turns
  1751 | D:3      | Killed Ijyb
  1838 | D:3      | Found Uprod's Antique Weapon Shop.
  1957 | D:3      | Found a faded altar of an unknown god.
  2001 | D:3      | Noticed Terence
  2015 | D:3      | Killed Terence
  2016 | D:3      | Reached skill level 1 in Conjurations
  2016 | D:3      | Reached XP level 5. HP: 16/28 MP: 4/9
  2123 | D:3      | Noticed Natasha
  2132 | D:3      | Killed Natasha
  2157 | D:3      | Noticed a sky beast
  2168 | D:3      | Killed a sky beast
  2169 | D:3      | Reached XP level 6. HP: 27/32 MP: 7/10
  2210 | D:3      | Noticed Natasha
  2215 | D:3      | Killed Natasha
  2262 | D:3      | Noticed Natasha
  2265 | D:3      | Killed Natasha
  2410 | D:3      | Found an ornate altar of the Wu Jian Council.
  2849 | D:4      | Reached skill level 5 in Earth Magic
  2849 | D:4      | Reached XP level 7. HP: 36/36 MP: 5/12
  3001 | D:4      | Found a sand-covered staircase.
  3171 | Ossuary  | Entered an ossuary
  3354 | Ossuary  | Reached XP level 8. HP: 30/41 MP: 6/13
  4006 | D:5      | Entered Level 5 of the Dungeon
  4239 | D:5      | Found a glowing drain.
  4243 | Sewer    | Entered a sewer
  4315 | Sewer    | Reached skill level 6 in Earth Magic
  5228 | D:6      | Noticed Grinder
  5252 | D:6      | Killed Grinder
  5253 | D:6      | Reached skill level 5 in Spellcasting
  5253 | D:6      | Reached skill level 5 in Conjurations
  5253 | D:6      | Reached skill level 7 in Earth Magic
  5320 | D:6      | Reached XP level 9. HP: 41/45 MP: 16/16
  5902 | D:6      | Found a hazy altar of Hepliaklqana.
  5947 | D:6      | Found an ancient bone altar of Kikubaaqudgha.
  6225 | D:7      | Found a staircase to the Ecumenical Temple.
  6259 | D:7      | Reached skill level 8 in Earth Magic
  6510 | D:7      | Learned a level 4 spell: Brom's Barrelling Boulder
  6861 | D:7      | Found Umpo's One-of-a-Kind Rings.
  7260 | Temple   | Entered the Ecumenical Temple
  7279 | Temple   | Became a worshipper of Vehumet
  7550 | D:8      | Reached skill level 9 in Earth Magic
  7574 | D:8      | Reached XP level 10. HP: 45/50 MP: 20/20
  8262 | D:9      | Reached * piety under Vehumet
  8262 | D:9      | Offered knowledge of Magic Dart by Vehumet.
  8737 | D:9      | Reached skill level 10 in Earth Magic
  8911 | D:9      | Slain by a shadow

Illustrated notes

Levels and vault maps discovered:
D:1:      lightli_iron_boxes, layout_loops_corners
D:2:      layout_rooms, uniq_robin
D:3:      layout_basic, mainiacjoe_overflow_six_doors_small, serial_shops, shop,
          hellmonk_ecumenical_altar_zigzags, uniq_natasha, uniq_ijyb,
          uniq_terence
D:4:      layout_rooms, serial_rivers, chequers_serial_rivers_marsh,
          chequers_serial_rivers_large_a, chequers_serial_rivers_micro_c,
          chequers_serial_rivers_small_3, chequers_serial_rivers_marsh,
          nicolae_ossuary_entry_catacombs, nrook_mini_backslash
D:5:      layout_loops_ring, gup_sewer_entry_spiral
D:6:      layout_rooms, mainiacjoe_overflow_big_doors, nicolae_tricolors,
          uniq_grinder
D:7:      layout_cave_pods, minmay_temple_entry_antechambers,
          nicolae_shop_unique_rings, lemuel_flamethrower_2
D:8:      layout_basic
D:9:      layout_basic, kennysheep_little_box
Temple:   regret_index_temple_chain_breaker

Skill      XL: |  1  2  3  4  5  6  7  8  9 10 |
---------------+-------------------------------+-----
Transmutations | 1 2 3 |  3.0
Earth Magic    | 4 5 7 9 10 | 10.0
Dodging        | 2 3 |  3.5
Armour         | 1 2 3 |  3.0
Stealth        | 3 |  3.0
Conjurations   | 1 2 3 5 7 8 |  8.7
Spellcasting   | 3 5 6 7 |  7.8

Action                     |  1- 3 |  4- 6 |  7- 9 | 10-12 || total
---------------------------+-------+-------+-------+-------++-------
  Melee: Whip              |       |    36 |   230 |   153 ||   419
         Dagger            |       |    11 |       |       ||    11
         Punch             |       |     1 |     2 |     4 ||     7
         Falchion          |       |       |    30 |       ||    30
  Throw: Dart              |       |       |     2 |       ||     2
         Javelin           |       |       |     2 |       ||     2
   Cast: Sandblast         |    44 |    58 |   113 |    11 ||   226
         Brom's Barrelling |       |       |     1 |     3 ||     4
         Stone Arrow       |       |       |       |     5 ||     5
  Evoke: Wand              |       |       |    14 |       ||    14
    Use: Scroll            |       |       |     9 |     1 ||    10
         Potion            |       |       |     1 |       ||     1
   Stab: Sleeping          |       |     3 |     1 |     1 ||     5
         Paralysed         |       |       |     6 |       ||     6
 Armour: Leather armour    |     8 |    48 |    21 |       ||    77
         Ring mail         |       |       |   143 |       ||   143
         Steam dragon scal |       |       |    46 |   117 ||   163
  Dodge: Dodged            |     3 |    32 |   259 |   153 ||   447

Table legend: (Time is in decaauts)
 A = Elapsed time spent in this place.
 B = Non-inter-level travel time spent in this place.
 C = Inter-level travel time spent in this place.
 D = Time resting spent in this place.
 E = Time spent auto-exploring this place.
 F = Levels seen in this place.
 G = Mean time per level.
                   A        B        C        D        E       F      G
               +--------+--------+--------+--------+--------+-----+--------+
         Total |   9119 |   8869 |    250 |   1483 |   5143 |  12 |  759.9 |
       Dungeon |   8435 |   8200 |    235 |   1336 |   4927 |   9 |  937.2 |
        Temple |     34 |     19 |     15 |      0 |      0 |   1 |   34.0 |
         Sewer |    171 |    171 |      0 |      0 |     98 |   1 |  171.0 |
       Ossuary |    477 |    477 |      0 |    147 |    118 |   1 |  477.0 |
               +--------+--------+--------+--------+--------+-----+--------+

Top non-repeatable levels by time:
     D:7: 1259 daAuts
     D:5: 1005 daAuts
     D:1: 979 daAuts
     D:3: 975 daAuts
     D:6: 918 daAuts
     D:4: 904 daAuts
     D:8: 895 daAuts
     D:2: 770 daAuts
     D:9: 728 daAuts
 Ossuary: 477 daAuts
   Sewer: 171 daAuts
  Temple: 34 daAuts
